 Dungeon Crawl Stone Soup version 0.17.1-1-g73c8601 (console) character file.

43576 Kloppie the Fighter (level 14, -10/82 HPs)
             Began as a Vine Stalker Fighter on Dec 28, 2015.
             Was the Champion of Kikubaaqudgha.
             Mangled by an eight-headed hydra (11 damage)
             ... on level 1 of the Lair of Beasts.
             The game lasted 00:36:45 (14021 turns).

Kloppie the Fighter (Vine Stalker Fighter)         Turns: 14021, Time: 00:36:45

Health: -10/82     AC: 17    Str: 20    XL:     14   Next: 24%
Magic:  0/24       EV: 11    Int: 10    God:    Kikubaaqudgha [******]
Gold:   1078       SH:  9    Dex: 18    Spells: 0 memorised, 13 levels left

rFire  + . .     SeeInvis .     a - +2 flail (crush)
rCold  + + .     Clarity  .     H - +2 scale mail {rC+}
rNeg   . . .     SustAt   .     c - +0 shield
rPois  .         Gourm    .     (helmet restricted)
rElec  .         Spirit   +     L - +0 cloak {rF+}
rCorr  .         Warding  .     G - +2 pair of gloves
rMut   .         Stasis   .     P - +0 pair of boots
MR     +....                    r - amulet of regeneration
Stlth  ..........               q - ring of magical power
                                d - +2 ring of evasion

@: somewhat resistant to hostile enchantments, extremely unstealthy
A: fangs 3, horns 1, clever 1, cold resistance 1, regeneration 3, magic shield,
antimagic bite, no device heal 3, rot immunity
a: Receive Corpses, Torment, Brand Weapon With Pain, Receive Necronomicon,
Renounce Religion


You were on level 1 of the Lair of Beasts.
You worshipped Kikubaaqudgha.
Kikubaaqudgha was exalted by your worship.
You were near starving.

You visited 3 branches of the dungeon, and saw 17 of its levels.
You also visited: Volcano.

You collected 1130 gold pieces.
You spent 52 gold pieces at shops.

Inventory:

Hand Weapons
 a - a +2 flail of crushing (weapon)
 b - a +2 flail of holy wrath
 l - a +0 morningstar of flaming
 O - a +1 morningstar
Armour
 c - a +0 shield (worn)
 G - a +2 pair of gloves (worn)
 H - a +2 scale mail of cold resistance (worn)
 L - a +0 cloak of fire resistance (worn)
 P - a +0 pair of boots (worn)
Jewellery
 d - a +2 ring of evasion (left hand)
 h - an uncursed ring of ice
 m - an uncursed ring of flight
 q - a ring of magical power (right hand)
 r - an amulet of regeneration (around neck)
 s - an uncursed ring of teleportation
 A - an uncursed ring of stealth
 X - a cursed ring of see invisible {unknown}
Wands
 Q - a wand of draining (11)
 Z - a wand of fire (6)
Scrolls
 g - 7 scrolls of enchant armour
 j - 10 scrolls of remove curse
 n - 7 scrolls of enchant weapon
 u - 4 scrolls of recharging
 w - a scroll of magic mapping
 x - a scroll of fog
 C - a scroll of identify
 I - a scroll of blinking
 J - a scroll of summoning
 Y - 2 scrolls of teleportation
Potions
 f - a potion of magic
 k - 4 potions of might
 o - a potion of flight
 t - a potion of haste
 v - 3 potions of agility
 B - 8 potions of curing
 K - a potion of resistance
 V - a potion of brilliance
Books
 y - a book of the Earth

   Spells                             Type                      Level
   a - Leda's Liquefaction            Hexes/Earth                  4
   b - Bolt of Magma                  Conjuration/Fire/Earth       5
   c - Statue Form                    Transmutation/Earth          6
   d - Iron Shot                      Conjuration/Earth            6
   e - Shatter                        Earth                        9
 z - a book of Hinderance

   Spells                             Type                      Level
   a - Confusing Touch                Hexes                        2
   b - Confuse                        Hexes                        3
   c - Gell's Gravitas                Hexes/Translocation          3
   d - Petrify                        Transmutation/Earth          4
   e - Metabolic Englaciation         Hexes/Ice                    5
 E - a Fen Folio

   Spells                             Type                      Level
   a - Corpse Rot                     Necromancy                   2
   b - Stone Arrow                    Conjuration/Earth            3
   c - Leda's Liquefaction            Hexes/Earth                  4
   d - Summon Forest                  Summoning/Translocation      5
   e - Hydra Form                     Transmutation                6
   f - Summon Hydra                   Summoning                    7
 F - a book of the Warp

   Spells                             Type                      Level
   a - Recall                         Summoning/Translocation      3
   b - Gell's Gravitas                Hexes/Translocation          3
   c - Force Lance                    Conjuration/Translocation    4
   d - Phase Shift                    Translocation                5
   e - Warp Weapon                    Charms/Translocation         5
   f - Summon Forest                  Summoning/Translocation      5
 N - Kikubaaqudgha's Compendium of Stolen Souls
   (Kikubaaqudgha gifted it to you on level 7 of the Dungeon)

   Spells                             Type                      Level
   a - Animate Skeleton               Necromancy                   1
   b - Corpse Rot                     Necromancy                   2
   c - Sublimation of Blood           Necromancy                   2
   d - Vampiric Draining              Necromancy                   3
   e - Control Undead                 Necromancy                   4
 R - a book of Envenomations

   Spells                             Type                      Level
   a - Spider Form                    Transmutation/Poison         3
   b - Alistair's Intoxication        Transmutation/Poison         4
   c - Olgreb's Toxic Radiance        Poison                       4
   d - Poisonous Cloud                Conjuration/Poison/Air       6
 S - a book of Changes

   Spells                             Type                      Level
   a - Beastly Appendage              Transmutation                1
   b - Sticks to Snakes               Transmutation                2
   c - Spider Form                    Transmutation/Poison         3
   d - Ice Form                       Ice/Transmutation            4
   e - Blade Hands                    Transmutation                5
 T - Kikubaaqudgha's Guide on Sinister Rites
   (Kikubaaqudgha gifted it to you on level 8 of the Dungeon)

   Spells                             Type                      Level
   a - Animate Dead                   Necromancy                   4
   b - Agony                          Necromancy                   5
   c - Dispel Undead                  Necromancy                   5
   d - Simulacrum                     Ice/Necromancy               6
   e - Death Channel                  Necromancy                   6
 W - a Necronomicon

   Spells                             Type                      Level
   a - Haunt                          Necromancy/Summoning         7
   b - Borgnjor's Revivification      Necromancy                   8
   c - Death's Door                   Charms/Necromancy            8
   d - Necromutation                  Transmutation/Necromancy     8
Miscellaneous
 M - a lamp of fire
Comestibles
 e - 9 bread rations
 i - 8 fruits
 p - 6 meat rations
 D - a royal jelly
 U - a beef jerky


   Skills:
 + Level 13.3 Fighting
 + Level 13.2 Maces & Flails
 - Level 11.3 Armour
 + Level 2.2 Dodging
 - Level 2.6 Shields


You had 13 spell levels left.
You didn't know any spells.

Dungeon Overview and Level Annotations

Branches:
Dungeon (8/15)             Temple (1/1) D:5            Lair (8/8) D:8
 Shoals (0/4) Lair:3        Snake (0/4) Lair:5        Slime (0/6) Lair:8

Altars:
Ashenzari
Cheibriados
Dithmenos
Elyvilon
Fedhas
Gozag
Kikubaaqudgha
Makhleb
Nemelex Xobeh
Okawaru
Qazlal
Ru
Sif Muna
Vehumet
Xom
Yredelemnul
Zin
The Shining One

Shops:
D:5 *   D:8 %


Innate Abilities, Weirdness & Mutations

You have razor-sharp teeth.
You regenerate.
When hurt, damage is shared between your health and your magic reserves.
Your bite disrupts and absorbs the magic of your enemies.
Potions and wands cannot restore your health.
You are immune to rotting.
You have a pair of small horns on your head.
Your mind is acute. (Int +2)
Your flesh is cold resistant.


Message History

The eight-headed hydra barely misses you.
The eight-headed hydra bites you!
* * * LOW HITPOINT WARNING * * *
You block the eight-headed hydra's attack.
The eight-headed hydra bites you.
* * * LOW HITPOINT WARNING * * *
The eight-headed hydra bites you but does no damage. x2
You hit the eight-headed hydra.
Your bite misses the eight-headed hydra.
The eight-headed hydra is almost dead.
You block the eight-headed hydra's attack.
The eight-headed hydra bites you but does no damage.
The eight-headed hydra closely misses you.
The eight-headed hydra bites you.
* * * LOW HITPOINT WARNING * * *
You block the eight-headed hydra's attack.
The eight-headed hydra bites you but does no damage.
The eight-headed hydra bites you!
You die...
Kikubaaqudgha rasps: "You have failed me!
Welcome... death!"

### ### ####.###.###
###..........###
#..............## #####
#...............## ....#
#................######
....#
##.................##.#
...##
#..............##...## ...#
#####.#..@D........####...
..P# #.##.##............#
###. ..##
#..#.###...........# ###.#
.## ###.....###..........#
#.#..
.#####P.......###........##
##...
##P##.........##*#.....##*
#....
...............##*#....#
##....
####............##*#####
#....# # #.............#
#.####


You could see an eight-headed hydra.

Vanquished Creatures
  Snorg (Lair:7)
  4 hydras
  2 catoblepae
  A centaur warrior (Volcano)
  9 death yaks
  A queen ant (Lair:5)
  Sonja (Lair:4)
  A fire crab (Lair:8)
  2 griffons
  5 black mambas
  12 spiny frogs
  2 torpor snails
  4 komodo dragons
  5 fire drakes
  A polar bear (Lair:5)
  3 merfolk (Lair:3)
  A boulder beetle (Lair:6)
  Prince Ribbit (D:5)
  A two-headed ogre (D:8)
  13 blink frogs
  13 hippogriffs
  3 basilisks
  A deep elf fighter (D:8)
  A hungry ghost (D:8)
  25 yaks
  A fire bat (Volcano)
  6 wolves
  Edmund (D:5)
  12 water moccasins
  17 soldier ants
  14 porcupines
  3 nagas (Lair:5)
  An ice beast (D:6)
  A necrophage (D:7)
  A sky beast (D:7)
  7 centaurs
  3 orc warriors
  3 ogres
  14 crocodiles
  5 big kobolds
  14 giant frogs
  15 killer bees
  A crimson imp (D:5)
  2 electric eels (Lair:8)
  3 orc priests
  A jelly (D:8)
  4 lava snakes (Volcano)
  A hound (D:4)
  7 orc wizards
  A giant frog skeleton (D:5)
  A centaur skeleton (D:4)
  10 iguanas
  11 sheep (Lair:8)
  34 worker ants
  44 river rats
  10 adders
  A shadow imp (D:7)
  3 oozes
  4 adder skeletons
  3 worms
  8 giant geckos
  33 orcs
  A ball python (D:1)
  12 bats
  4 bat skeletons (D:4)
  A bat zombie (D:4)
  7 giant cockroaches
  3 hobgoblins
  11 jackals
  22 kobolds
  A quokka (D:7)
  A giant gecko zombie (D:5)
  9 giant newts
  8 goblins
  17 rats
  A fungus (Lair:7)
511 creatures vanquished.

Vanquished Creatures (others)
  20 fungi
  8 plants
28 creatures vanquished.

Grand Total: 539 creatures vanquished

Notes
Turn   | Place    | Note
--------------------------------------------------------------
     0 | D:1      | Kloppie the Vine Stalker Fighter began the quest for the Orb.
     0 | D:1      | Reached XP level 1. HP: 11/11 MP: 2/2
   220 | D:1      | Reached skill level 3 in Fighting
   220 | D:1      | Reached XP level 2. HP: 12/16 MP: 3/3
   604 | D:1      | Found a glowing golden altar of the Shining One.
   610 | D:1      | Reached XP level 3. HP: 20/20 MP: 1/4
   866 | D:2      | Found a radiant altar of Vehumet.
   891 | D:2      | Found a shattered altar of Ashenzari.
  1026 | D:2      | Reached XP level 4. HP: 25/25 MP: 5/5
  1062 | D:2      | Found a faded altar to an unknown god.
  1609 | D:3      | Reached XP level 5. HP: 27/29 MP: 6/6
  1614 | D:3      | Reached skill level 4 in Fighting
  1872 | D:4      | Gained mutation: You heal very quickly. [Vine Stalker growth]
  1872 | D:4      | Reached XP level 6. HP: 30/34 MP: 7/7
  1939 | D:4      | Found a white marble altar of Elyvilon.
  2031 | D:4      | Found a burning altar of Makhleb.
  2113 | D:4      | Found an ancient bone altar of Kikubaaqudgha.
  2472 | D:5      | Entered Level 5 of the Dungeon
  2491 | D:5      | Noticed Edmund
  2500 | D:5      | Killed Edmund
  2500 | D:5      | Reached skill level 5 in Fighting
  2500 | D:5      | Reached skill level 5 in Maces & Flails
  2500 | D:5      | Reached XP level 7. HP: 31/39 MP: 8/8
  2504 | D:5      | Found a staircase to the Ecumenical Temple.
  2509 | D:5      | Noticed Prince Ribbit
  2518 | D:5      | Killed Prince Ribbit
  2524 | Temple   | Entered the Ecumenical Temple
  2680 | D:4      | Became a worshipper of Kikubaaqudgha
  2853 | D:5      | Reached skill level 6 in Fighting
  2927 | D:5      | Found a deep blue altar of Sif Muna.
  2929 | D:5      | Found a stormy altar of Qazlal.
  2935 | D:5      | Gained mutation: You have razor-sharp teeth. [Vine Stalker growth]
  2935 | D:5      | Reached XP level 8. HP: 44/44 MP: 9/9
  2946 | D:5      | Found a glowing silver altar of Zin.
  3141 | D:5      | Found Jaewu's General Store.
  3146 | D:5      | Bought a scroll of identify for 26 gold pieces
  3146 | D:5      | Bought a scroll of identify for 26 gold pieces
  3221 | D:5      | Got a translucent leather armour
  3302 | D:5      | Identified the +1 leather armour of the Equator {-Tele rPois rN+++} (You found it on level 5 of the Dungeon)
  3466 | D:6      | Found a blossoming altar of Fedhas.
  3811 | D:6      | Found a sacrificial altar of Ru.
  3839 | D:6      | Found an opulent altar of Gozag.
  4004 | D:7      | Found a sparkling altar of Nemelex Xobeh.
  4102 | D:7      | Reached skill level 7 in Fighting
  4185 | D:7      | Reached XP level 9. HP: 50/50 MP: 10/10
  4186 | D:7      | Reached * piety under Kikubaaqudgha
  4186 | D:7      | Received a gift from Kikubaaqudgha
  4191 | D:7      | Identified Kikubaaqudgha's Compendium of Stolen Souls (Kikubaaqudgha gifted it to you on level 7 of the Dungeon)
  4618 | D:8      | Reached skill level 5 in Armour
  4620 | D:8      | Found Mueqarec's Food Shop.
  4651 | D:8      | Reached ** piety under Kikubaaqudgha
  4761 | D:8      | Reached skill level 8 in Fighting
  4880 | D:8      | Reached XP level 10. HP: 54/57 MP: 11/11
  4963 | D:8      | Reached *** piety under Kikubaaqudgha
  4963 | D:8      | Received a gift from Kikubaaqudgha
  4964 | D:8      | Identified Kikubaaqudgha's Guide on Sinister Rites (Kikubaaqudgha gifted it to you on level 8 of the Dungeon)
  5100 | D:8      | Found a staircase to the Lair.
  5122 | Lair:1   | Entered Level 1 of the Lair of Beasts
  5210 | Lair:1   | Reached skill level 9 in Fighting
  5598 | Lair:1   | Reached **** piety under Kikubaaqudgha
  5659 | Lair:2   | Noticed a griffon
  5729 | Lair:2   | Killed a griffon
  5951 | Lair:2   | Reached XP level 11. HP: 16/62 MP: 12/12
  6016 | Lair:2   | Found a dark tunnel.
  6023 | Volcano  | Entered a volcano
  6142 | Volcano  | Found a burning altar of Makhleb.
  6142 | Volcano  | Noticed a centaur warrior
  6154 | Volcano  | Killed a centaur warrior
  6154 | Volcano  | Reached skill level 10 in Fighting
  6154 | Volcano  | Reached skill level 10 in Maces & Flails
  7179 | Lair:3   | Found a staircase to the Shoals.
  7304 | Lair:3   | Reached ***** piety under Kikubaaqudgha
  7933 | Lair:3   | Gained mutation: You regenerate. [Vine Stalker growth]
  7933 | Lair:3   | Reached XP level 12. HP: 36/69 MP: 13/13
  8032 | Lair:4   | Noticed Sonja
  8245 | Lair:4   | Gained mutation: You have a pair of small horns on your head. [potion of beneficial mutation]
  8330 | Lair:4   | Killed Sonja
  8330 | Lair:4   | Reached skill level 11 in Maces & Flails
  9001 | Lair:4   | Identified a scroll of acquirement
  9009 | Lair:5   | Found a staircase to the Snake Pit.
  9169 | Lair:5   | Noticed a four-headed hydra
  9178 | Lair:5   | Killed a four-headed hydra
  9253 | Lair:5   | Noticed a catoblepas
  9275 | Lair:5   | Killed a catoblepas
  9654 | Lair:5   | Noticed a queen ant
  9672 | Lair:5   | Killed a queen ant
 10095 | Lair:6   | Reached skill level 10 in Armour
 10160 | Lair:6   | Reached XP level 13. HP: 65/74 MP: 14/14
 10245 | Lair:6   | Noticed a death yak
 10246 | Lair:6   | Noticed a death yak
 10247 | Lair:6   | Noticed a death yak
 10248 | Lair:6   | Noticed a death yak
 10267 | Lair:6   | Killed a death yak
 10281 | Lair:6   | Killed a death yak
 10281 | Lair:6   | Reached skill level 12 in Fighting
 10287 | Lair:6   | Killed a death yak
 10300 | Lair:6   | Killed a death yak
 10571 | Lair:6   | Reached ****** piety under Kikubaaqudgha
 11884 | Lair:7   | Gained mutation: Your mind is acute. (Int +2) [potion of beneficial mutation]
 11980 | Lair:7   | Noticed Snorg
 12001 | Lair:7   | Killed Snorg
 12135 | Lair:7   | Gained mutation: Your flesh is cold resistant. [potion of beneficial mutation]
 12446 | Lair:8   | Entered Level 8 of the Lair of Beasts
 12748 | Lair:8   | Reached skill level 13 in Fighting
 12805 | Lair:8   | Reached XP level 14. HP: 66/82 MP: 15/15
 13170 | Lair:8   | Reached skill level 1 in Dodging
 13506 | Lair:8   | Found a staircase to the Slime Pits.
 14011 | Lair:1   | Noticed an eight-headed hydra
 14020 | Lair:1   | HP: 2/82 [eight-headed hydra (9)]
 14021 | Lair:1   | Mangled by an eight-headed hydra

Action                   |  1- 3 |  4- 6 |  7- 9 | 10-12 | 13-15 || total
-------------------------+-------+-------+-------+-------+-------++-------
Melee: Flail             |    86 |   151 |   266 |   841 |   532 ||  1876
       Morningstar       |       |       |       |    24 |       ||    24
  Use: Scroll            |       |     8 |     2 |    19 |     2 ||    31
       Potion            |       |     1 |       |     2 |     2 ||     5
  Eat: Chunk             |       |     5 |    10 |    14 |    12 ||    41
       Royal jelly       |       |       |       |     2 |       ||     2
       Beef jerky        |       |       |       |     3 |       ||     3
       Pizza             |       |       |       |     1 |       ||     1
       Fruit             |       |       |       |       |     2 ||     2
